 Dungeon Crawl Stone Soup version 0.29-a0-330-g52719c12eb (webtiles) character file.

Game seed: 16674814450303621930

503 kae the Magician (level 6, -1/36 HPs)
             Began as a Deep Elf Fire Elementalist on May 1, 2022.
             Slain by an orc
             ... wielding a +2 morningstar of protection
              (2 damage)
             ... on level 3 of the Dungeon.
             The game lasted 00:02:01 (4311 turns).

kae the Magician (Deep Elf Fire Elementalist)       Turns: 4311, Time: 00:02:01

Health: -1/36      AC:  2    Str:  5    XL:     6   Next: 96%
Magic:  6/15       EV: 14    Int: 22    God:
Gold:   132        SH:  0    Dex: 15    Spells: 9/15 levels left

rFire   . . .      SeeInvis .   i - staff of cold
rCold   + . .      Faith    .   (no shield)
rNeg    . . .      Spirit   .   a - +0 robe
rPois   .          Reflect  .   (no helmet)
rElec   .          Harm     .   (no cloak)
rCorr   +          Rampage  .   (no gloves)
Will    .....                   (no boots)
Stlth   ++........              (no amulet)
HPRegen 0.12/turn               o - ring of resist corrosion
MPRegen 0.14/turn               (no ring)

@: marked
A: no striking features
a: no special abilities


You were on level 3 of the Dungeon.
You visited 1 branch of the dungeon, and saw 3 of its levels.

You collected 132 gold pieces.

Inventory:

Missiles
 f - 2 throwing nets
Armour
 a - a +0 robe (worn)
Magical Staves
 i - a staff of cold (weapon)
Jewellery
 n - an amulet of faith
 o - a ring of resist corrosion (left hand)
Scrolls
 c - a scroll of noise
 e - 2 scrolls of immolation
 h - 2 scrolls of teleportation
Potions
 b - 3 potions of magic
 d - a potion of lignification
 g - a potion of heal wounds
 j - a potion of haste
 k - a potion of curing {unknown}
 l - a potion of berserk rage {unknown}
 m - 2 potions of flight {unknown}


   Skills:
 + Level 2.3 Fighting
 + Level 4.5 Dodging
 - Level 2.4 Stealth
 + Level 5.1 Spellcasting
 + Level 3.6 Conjurations
 + Level 4.9 Fire Magic


You had 9 spell levels left.
You knew the following spells:

 Your Spells              Type           Power      Damage    Failure   Level
a - Foxfire               Conj/Fire      96%        2x1d8     1%          1
b - Scorch                Fire           54%        2d7       1%          2
c - Conjure Flame         Conj/Fire      24%        6-21      5%          3

Your spell library contained the following spells:

 Spells                   Type           Power      Damage    Failure   Level
 Shock                    Conj/Air       52%        1d6       4%          1
 Inner Flame              Hex/Fire       16%        N/A       11%         3
 Blink                    Tloc           10%        N/A       16%         2
 Flame Wave               Conj/Fire      24%        2d7       17%         4
 Gell's Gravitas          Tloc           5%         N/A       30%         3
 Lesser Beckoning         Tloc           5%         N/A       30%         3
 Swiftness                Air            5%         N/A       30%         3
 Teleport Other           Tloc           5%         N/A       30%         3
 Fireball                 Conj/Fire      12%        3d7       43%         5
 Airstrike                Air            2%         N/A       69%         4
 Manifold Assault         Tloc           5%         N/A       95%         5
 Starburst                Conj/Fire      12%        6d5       95%         6
 Storm Form               Tmut/Air       2%         N/A       100%        7
 Ignition                 Fire           13%        3d6       100%        8


Dungeon Overview and Level Annotations

Branches:
Dungeon (3/15)

Altars:


Message History

The orc misses you.
Casting: Scorch (safe; 1% risk of failure)
Confirm with . or Enter, or press ? or * to list all spells.
Flames lash the orc.
The orc is severely wounded.
The orc's fire resistance burns away.
You hear a shout! x3
An orc comes into view. It is wielding a +0 flail.
The orc misses you. The orc closely misses you.
Casting: Scorch (safe; 1% risk of failure)
Confirm with . or Enter, or press ? or * to list all spells.
Flames lash the orc.
The orc is burned terribly!
You kill the orc!
You hear a shout!
The gnoll hits you from afar with a +0 halberd!
A gnoll comes into view. It is wielding a +0 club.
You hear a shout!
You hear a shout!
The gnoll barely misses you.
Casting: Scorch (safe; 1% risk of failure)
Confirm with . or Enter, or press ? or * to list all spells.
You conjure some foxfire!
The gnoll barely misses you.
The foxfire hits the orc.
The orc is lightly wounded.
The gnoll hits you from afar with a +0 halberd.
The orc barely misses you.
A gnoll comes into view. It is wielding a +0 spear.
Casting: Foxfire (safe; 1% risk of failure)
Confirm with . or Enter, or press ? or * to list all spells.
You conjure some foxfire!
The gnoll hits you from afar with a +0 halberd!
* * * LOW HITPOINT WARNING * * *
The orc pulls the alarm!
The alarm trap emits a blaring wail!
A sentinel's mark forms upon you.
The foxfire hits the orc!
You kill the orc!
The orc hits you with a +2 morningstar of protection.
You die... ######################...#≈≈P...# . #'###≈≈....# ######. #.#.≈≈≈....# g..... #.≈≈≈..P.# ....# #.≈≈≈....# ..g# #.≈≈≈....# gg#

#.≈≈≈....# ###############o#
#.≈≈≈.†..# ...'....'.....)@#
#.≈≈≈....# ...#....#.....vv#
#.≈≈≈....# #....#..[....#
###≈≈P...# #####'')'#############
g.#≈≈....#
........).......)....#oo.#≈≈....#
≈≈≈≈≈....≈≈≈≈≈≈≈≈≈≈≈≈#####≈≈....#
≈≈≈≈≈....)≈≈≈≈≈≈≈≈)≈≈≈≈≈≈≈≈≈....#
≈≈≈≈≈....≈≈≈≈≈≈≈≈))≈≈≈≈≈≈≈≈≈....#
............))..................#


You could see 4 gnolls and an orc.

Vanquished Creatures
  A scorpion (D:3)
  A howler monkey (D:3)
  An orc priest (D:3)
  Jessica (D:2)
  Natasha (D:2)
  An orc wizard (D:3)
  16 gnolls
  2 adders
  2 worms (D:2)
  3 dart slugs
  15 orcs (D:3)
  5 bats
  6 endoplasms
  4 giant cockroaches
  4 goblins
  4 hobgoblins
  16 jackals
  4 quokkas
  3 ball pythons
  2 frilled lizards (D:2)
  3 kobolds
  5 rats
100 creatures vanquished.

Vanquished Creatures (collateral kills)
  5 foxfires (D:1)
5 creatures vanquished.

Vanquished Creatures (others)
  322 foxfires
  A fungus (D:3)
  A plant (D:3)
324 creatures vanquished.

Grand Total: 429 creatures vanquished

Notes
Turn   | Place    | Note
-------+----------+-------------------------------------------
     0 | D:1      | kae the Deep Elf Fire Elementalist began the quest for the
                  | Orb.
     0 | D:1      | Reached XP level 1. HP: 10/10 MP: 6/6
   210 | D:1      | Reached XP level 2. HP: 13/15 MP: 4/8
   596 | D:1      | Found a faded altar of an unknown god.
  1239 | D:2      | Reached XP level 3. HP: 20/20 MP: 3/9
  1242 | D:2      | Learned a level 2 spell: Scorch
  1246 | D:2      | Learned a level 3 spell: Conjure Flame
  1386 | D:2      | Noticed Jessica
  1402 | D:2      | Killed Jessica
  1403 | D:2      | Reached skill level 1 in Fighting
  1650 | D:2      | Reached XP level 4. HP: 25/25 MP: 7/11
  2123 | D:2      | Noticed Natasha
  2137 | D:2      | Killed Natasha
  2241 | D:2      | Reached skill level 4 in Spellcasting
  2254 | D:2      | Reached XP level 5. HP: 29/29 MP: 3/13
  3583 | D:3      | Reached XP level 6. HP: 35/35 MP: 7/14
  3993 | D:3      | Reached skill level 5 in Spellcasting
  4311 | D:3      | HP: 1/36 [gnoll/+0 halberd (16)]
  4311 | D:3      | Slain by an orc

Illustrated notes

Levels and vault maps discovered:
D:1:      lightli_arrival_windingriver, layout_rooms,
          chequers_ecumenical_altar_simple_redux, kennysheep_boxes
D:2:      layout_loops_corners, minmay_puff, uniq_jessica, uniq_natasha
D:3:      lemuel_castle_with_subvaults [lemuel_castle_interior_carwin_3],
          layout_loops_ring, hangedman_abyss_or_decor_stabs, uniq_grinder

Skill      XL: |  1  2  3  4  5  6 |
---------------+-------------------+-----
Fighting       | 1 2 |  2.3
Dodging        | 3 4 |  4.5
Conjurations   | 2 3 |  3.6
Fire Magic     | 4 |  4.9
Spellcasting   | 4 5 |  5.1
Stealth        | |  2.4

Action                   |  1- 3 |  4- 6 || total
-------------------------+-------+-------++-------
 Cast: Foxfire           |    69 |   129 ||   198
       Scorch            |       |    20 ||    20
  Use: Scroll            |       |     6 ||     6
Armor: Robe              |     1 |     8 ||     9
Dodge: Dodged            |     8 |    56 ||    64

Table legend: (Time is in decaauts)
 A = Elapsed time spent in this place.
 B = Non-inter-level travel time spent in this place.
 C = Inter-level travel time spent in this place.
 D = Time resting spent in this place.
 E = Time spent auto-exploring this place.
 F = Levels seen in this place.
 G = Mean time per level.
                   A        B        C        D        E       F      G
               +--------+--------+--------+--------+--------+-----+--------+
         Total |   4318 |   4254 |     64 |      0 |   3588 |   3 | 1439.3 |
       Dungeon |   4318 |   4254 |     64 |      0 |   3588 |   3 | 1439.3 |
               +--------+--------+--------+--------+--------+-----+--------+

Top non-repeatable levels by time:
     D:2: 1930 daAuts
     D:3: 1395 daAuts
     D:1: 993 daAuts
